 Dungeon Crawl Stone Soup version 0.29-a0-872-g797fff5ad1 (webtiles) character file.

Game seed: 6792694437207109075

213 Caliburn the Trooper (level 5, -3/45 HPs)
             Began as a Draconian Transmuter on July 19, 2022.
             Was a Follower of Zin.
             Slain by an iguana (6 damage)
             ... on level 4 of the Dungeon.
             The game lasted 00:35:08 (3482 turns).

Caliburn the Trooper (Draconian Transmuter)         Turns: 3482, Time: 00:35:08

Health: -3/45      AC:  6    Str: 12      XL:     5   Next: 59%
Magic:  8/8        EV: 12    Int: 12 (13) God:    Zin [*.....]
Gold:   84         SH:  0    Dex: 14      Spells: 7/8 levels left

rFire   . . .      SeeInvis .   g - +1 dagger (venom)
rCold   . . .      Faith    .   (no shield)
rNeg    . . .      Spirit   .   (body armour unavailable)
rPois   .          Reflect  .   (helmet restricted)
rElec   .          Harm     .   l - +0 cloak
rCorr   .          Rampage  .   (no gloves)
Will    +....                   (no boots)
Stlth   +.........              (no amulet)
HPRegen 0.15/turn               f - ring of willpower
MPRegen 0.11/turn               (no ring)

@: no status effects
A: AC +5, unfitting armour, cold-blooded
a: Renounce Religion, Recite, Donate Gold


You were on level 4 of the Dungeon.
You worshipped Zin.
Zin was aware of your devotion.
You visited 1 branch of the dungeon, and saw 4 of its levels.

You collected 93 gold pieces.
You donated 9 gold pieces to Zin.

Inventory:

Hand Weapons
 b - a +2 short sword
 d - a +0 falchion
 g - a +1 dagger of venom (weapon)
Missiles
 k - a throwing net (quivered)
Armour
 l - a +0 cloak (worn)
Jewellery
 f - a ring of willpower (left hand)
Wands
 n - a wand of paralysis (7)
Scrolls
 o - a scroll of fog {unknown}
Potions
 a - a potion of lignification
 c - a potion of mutation
 e - a potion of curing
 i - a potion of cancellation


   Skills:
 * Level 3.6 Fighting
 * Level 2.9 Short Blades
 + Level 2.8 Dodging
 - Level 3.5 Unarmed Combat
 - Level 2.0 Spellcasting
 - Level 2.0 Transmutations


You had 7 spell levels left.
You knew the following spells:

 Your Spells              Type           Power      Damage    Failure   Level
a - Beastly Appendage     Tmut           12%        N/A       12%         1

Your spell library contained the following spells:

 Spells                   Type           Power      Damage    Failure   Level
 Wereblood                Tmut           6%         N/A       19%         2
 Magic Dart               Conj           4%         1d3       26%         1
 Call Imp                 Summ           1%         N/A       38%         2
 Spider Form              Tmut/Pois      3%         N/A       47%         3
 Mephitic Cloud           Conj/Pois/Air  1%         N/A       63%         3
 Ice Form                 Ice/Tmut       3%         N/A       87%         4


Dungeon Overview and Level Annotations

Branches:
Dungeon (4/15)
 Temple: D:4-7

Altars:
Elyvilon
Okawaru
Zin
The Shining One

Annotations:
D:3 1 runed translucent door, Sekuso's ghost, amateur OpMo


Innate Abilities, Weirdness & Mutations

Your plain brown scales are hard. (AC +5)
You cannot fit into any form of body armour.
You are cold-blooded and may be slowed by cold attacks.


Message History

You are too injured to fight recklessly!
You are too injured to fight recklessly!
You are too injured to fight recklessly!
You are too injured to fight recklessly!
You are too injured to fight recklessly!
You are too injured to fight recklessly!
As you read the scroll labelled JAJIME PYV HOV, it crumbles to dust.
You feel strangely unstable.
It was a scroll of teleportation.
You hear some strange, mumbled words.
A magic dart appears from out of thin air!
The magic dart hits you!
* * * LOW HITPOINT WARNING * * *
Something hits you but does no damage.
There are monsters nearby!
There are monsters nearby!
There are monsters nearby!
There are monsters nearby!
Reactivating autopickup.
You feel a bit more experienced.
The orc wizard gestures at you while chanting.
The magic dart hits you.
* * * LOW HITPOINT WARNING * * *
The orc priest casts a cantrip, but nothing happens.
There is a stone staircase leading down here.
Your surroundings suddenly seem different.
An iguana comes into view.
Found a glowing golden altar of the Shining One.
There is a glowing golden altar of the Shining One here.
You kneel at the altar of the Shining One.
Unknown command.
Press < or > to pray at altars.
The iguana hisses angrily.
A hobgoblin and a ball python come into view.
The iguana bites you!
* * * LOW HITPOINT WARNING * * *
You hit the iguana but do no damage.
You tail-slap the iguana, but do no damage.
The iguana misses you.
You closely miss the iguana. The iguana bites you.
You die...

### ##.# ##..#
##...#
#....###
#...Sg.#@.#.##
+.#######l._.#
#..#.##
#....###
##...# ##..#
##.# ###


You could see an iguana.

Vanquished Creatures
  A bullfrog (D:3)
  An orc wizard (D:4)
  6 adders
  A river rat (D:3)
  2 worms (D:3)
  2 dart slugs
  An orc (D:3)
  4 ball pythons
  4 bats
  4 endoplasms
  2 giant cockroaches (D:1)
  6 goblins
  3 hobgoblins
  2 jackals (D:1)
  3 kobolds
  3 quokkas (D:3)
  4 frilled lizards
  2 rats (D:2)
51 creatures vanquished.

Vanquished Creatures (collateral kills)
  2 jackals (D:1)
  A rat (D:1)
3 creatures vanquished.

Grand Total: 54 creatures vanquished

Notes
Turn   | Place    | Note
-------+----------+-------------------------------------------
     0 | D:1      | Caliburn the Draconian Transmuter began the quest for the
                  | Orb.
     0 | D:1      | Reached XP level 1. HP: 16/16 MP: 3/3
   148 | D:1      | Found a faded altar of an unknown god.
   154 | D:1      | Prayed at the altar of an unknown god.
   154 | D:1      | Became a worshipper of Zin the Law-Giver
   154 | D:1      | Reached * piety under Zin
   184 | D:1      | Was placed under penance by Zin
   222 | D:1      | Reached XP level 2. HP: 18/23 MP: 5/5
   669 | D:1      | Was forgiven by Zin
  1056 | D:1      | Reached XP level 3. HP: 27/29 MP: 6/6
  1325 | D:2      | Reached skill level 1 in Short Blades
  1765 | D:2      | You fall into a shaft and drop 1 floor!
  2001 | D:3      | Reached XP level 4. HP: 33/37 MP: 7/7
  2119 | D:3      | Found a white marble altar of Elyvilon.
  2568 | D:3      | Found an iron altar of Okawaru.
  2591 | D:3      | Found a runed translucent door.
  2889 | D:3      | Noticed Sekuso's ghost (amateur OpMo)
  2890 | D:3      | Noticed a bullfrog
  2990 | D:3      | Found a runed translucent door.
  3012 | D:3      | Killed a bullfrog
  3013 | D:3      | Reached XP level 5. HP: 19/45 MP: 8/8
  3474 | D:4      | Found a glowing golden altar of the Shining One.
  3482 | D:4      | Slain by an iguana

Illustrated notes

Levels and vault maps discovered:
D:1:      scummos_arrival_gate, layout_basic,
          dreamdust_ecumenical_altar_angels_and_demons, minmay_octomino_c4
D:2:      layout_basic, uniq_crazy_yiuf_cottage
D:3:      minmay_general_purpose_star, layout_rooms, okawaru_gym_becter,
          nicolae_elyvilon_peaceful_grove, ebering_ghost_sewer_f
D:4:      layout_basic, nicolae_uskayaw_dance_hall,
          nicolae_tso_swordbearing_angel, serial_shops, shop,
          grunt_decor_clamped

Skill      XL: |  1  2  3  4 |
---------------+-------------+-----
Dodging        | 2 |  2.8
Fighting       | 2 3 |  3.6
Short Blades   | 1 2 |  2.9
Unarmed Combat | |  3.5
Spellcasting   | |  2.0
Transmutations | |  2.0

Action                   |  1- 3 |  4- 6 || total
-------------------------+-------+-------++-------
Melee: Unarmed           |    23 |       ||    23
       Tailslap          |    20 |    13 ||    33
       Kick              |     2 |       ||     2
       Headbutt          |     1 |       ||     1
       Short sword       |    85 |    50 ||   135
       Punch             |     2 |     1 ||     3
       Dagger            |       |    46 ||    46
Throw: Throwing net      |       |     1 ||     1
 Cast: Beastly Appendage |     1 |       ||     1
  Use: Scroll            |     8 |     2 ||    10
       Potion            |     4 |     4 ||     8
 Stab: Sleeping          |       |     1 ||     1
Armor: Skin              |    31 |    33 ||    64
Dodge: Dodged            |    83 |    31 ||   114

Table legend: (Time is in decaauts)
 A = Elapsed time spent in this place.
 B = Non-inter-level travel time spent in this place.
 C = Inter-level travel time spent in this place.
 D = Time resting spent in this place.
 E = Time spent auto-exploring this place.
 F = Levels seen in this place.
 G = Mean time per level.
                   A        B        C        D        E       F      G
               +--------+--------+--------+--------+--------+-----+--------+
         Total |   3495 |   2834 |    661 |      0 |   2298 |   4 |  873.8 |
       Dungeon |   3495 |   2834 |    661 |      0 |   2298 |   4 |  873.8 |
               +--------+--------+--------+--------+--------+-----+--------+

Top non-repeatable levels by time:
     D:3: 1670 daAuts
     D:1: 1229 daAuts
     D:2: 539 daAuts
     D:4: 56 daAuts
